 Dungeon Crawl Stone Soup version 0.31-a0-1005-gfbdfbacc72 (webtiles) character file.

Game seed: 17897328392270323782

36479 Chiseanne the Unseen (level 13, -4/102 HPs)
             Began as an Octopode Wanderer on Nov 11, 2023.
             Was an Initiate of Gozag.
             Succumbed to Nessos's poison
             ... on level 12 of the Dungeon.
             The game lasted 00:59:34 (15911 turns).

Chiseanne the Unseen (Octopode Wanderer)           Turns: 15911, Time: 00:59:34

Health: -4/102     AC:  6    Str: 19    XL:     13   Next: 90%
Magic:  13/13      EV: 27    Int: 22    God:    Gozag
Gold:   850        SH:  0    Dex: 18    Spells: 12/12 levels left

rFire   + . .        s - +6 scimitar
rCold   + . .        (no shield)
rNeg    . . .        A - +1 hat of the Parsimonious God {Regen+ rCorr Int+5}
rPois   .            N - amulet of the acrobat
rElec   .            l - +6 ring of strength
rCorr   +            u - ring of protection from cold
SInv    +            x - +6 ring of intelligence
Will    .....        G - +5 ring of evasion
Stlth   +++++++      I - ring of protection from fire
HPRegen 1.17/turn    c - ring of see invisible
MPRegen 0.13/turn    B - +4 ring of protection
                     (no ring)

%: acrobat
@: lethally poisoned (-4 -> -22)
A: almost no armour, amphibious, 8 rings, camouflage 1, gelatinous body 1,
(nimble swimmer 1), tentacles
a: Renounce Religion, Potion Petition, Call Merchant, Bribe Branch


You were on level 12 of the Dungeon.
You worshipped Gozag.
Gozag was pleased with you.
You visited 1 branch of the dungeon, and saw 15 of its levels.
You also visited: Bailey.

You collected 3240 gold pieces.
You spent 996 gold pieces at shops.
You paid 1394 gold pieces to Gozag.

Inventory:

Hand Weapons
 a - the +4 dagger of Kismet {speed, rN+ Int-2 Dex+3}
   (You found it on level 5 of the Dungeon)

   Int-2:     It affects your intelligence (-2).
   Dex+3:     It affects your dexterity (+3).
   rN+:       It protects you from negative energy.
 e - a +2 morningstar of protection
 j - a +2 whip of electrocution
 q - a +1 falchion
 s - a +6 scimitar (weapon)
 w - a +2 sling
 F - a +0 scimitar of flaming
 M - a +1 hand axe of venom
Missiles
 i - 9 boomerangs
 n - 4 throwing nets
 r - 28 poisoned darts
 L - 7 javelins
Armour
 o - an orb of guile
 A - the +1 hat of the Parsimonious God (worn) {Regen+ rCorr Int+5}
   (You acquired it on level 5 of the Dungeon)

   Int+5:     It affects your intelligence (+5).
   Regen+:    It increases your rate of health regeneration.
   rCorr:     It protects you from acid and corrosion.
Jewellery
 c - a ring of see invisible (on tentacle)
 l - a +6 ring of strength (left tentacle)
 u - a ring of protection from cold (right tentacle)
 x - a +6 ring of intelligence (on tentacle)
 B - a +4 ring of protection (on tentacle)
 G - a +5 ring of evasion (on tentacle)
 I - a ring of protection from fire (on tentacle)
 N - an amulet of the acrobat (around mantle)
Wands
 f - a wand of light (4)
 v - a wand of polymorph (6)
 z - a wand of flame (9)
 O - a wand of digging (4)
Scrolls
 k - 3 scrolls of amnesia
 t - a scroll of revelation
 y - 2 scrolls of immolation
 D - 6 scrolls of identify
 K - 2 scrolls of teleportation
Potions
 d - 4 potions of lignification
 g - 6 potions of brilliance
 h - 2 potions of magic
 m - 2 potions of resistance
 p - 5 potions of curing
 J - 2 potions of mutation
Miscellaneous
 C - a tin of tremorstones (2/2)


   Skills:
 * Level 14.6 Fighting
 - Level 2.0 Long Blades
 - Level 3.0 Ranged Weapons
 * Level 14.5 Dodging
 * Level 16.2 Stealth
 - Level 1.0 Invocations


You had 12 spell levels left.
You didn't know any spells.
Your spell library contained the following spells:

 Spells                   Type           Power      Damage    Failure   Level
 Apportation              Tloc           0%         N/A       17%         1
 Foxfire                  Conj/Fire      0%         2x1d4     17%         1
 Cigotuvi's Dreadful Rot  Necr/Pois/Air  0%         N/A       26%         2
 Jinxbite                 Hex            0%         N/A       26%         2
 Ignite Poison            Fire/Tmut/Pois 0%         N/A       45%         3
 Inner Flame              Hex/Fire       0%         N/A       45%         3
 Anguish                  Hex/Necr       0%         N/A       86%         4
 Cause Fear               Hex            0%         N/A       86%         4
 Flame Wave               Conj/Fire      0%         2d4       86%         4
 Sticky Flame             Conj/Fire      0%         2d3       86%         4
 Alistair's Intoxication  Tmut/Pois      0%         N/A       99%         5
 Freezing Cloud           Conj/Ice/Air   0%         6-21      99%         5
 Plasma Beam              Fire/Air       0%         2x1d10    100%        6
 Starburst                Conj/Fire      0%         6d3       100%        6
 Enfeeble                 Hex            0%         N/A       100%        7


Dungeon Overview and Level Annotations

Branches:
Dungeon (15/15)            Temple (0/1) D:7            Lair (0/5) D:11
    Orc (0/2) D:9          Vaults (0/5) D:13         Depths (0/4) D:15
 Bailey (visited)

Altars:
Cheibriados
Dithmenos
Elyvilon
Gozag
Makhleb
Nemelex Xobeh
Okawaru
Qazlal
Ru
Trog
Vehumet
Wu Jian
Zin

Shops:
D:4 !   D:7 =   D:10 [   D:11 [

Annotations:
D:5 4 runed translucent doors
D:11 2 transporters
D:12 Psyche
D:13 Nessos


Innate Abilities, Weirdness & Mutations

You cannot wear most types of armour.
You are amphibious.
You can wear up to eight rings at the same time.
Your skin changes colour to match your surroundings (Stealth+).
Your rubbery body absorbs attacks. (AC +1, EV +1)
((You are camouflaged when in or above water. (Stealth+)))
You have tentacles for arms and can constrict up to eight enemies at once.


Message History

Nessos intently looks at you, slowly moving their tail.
Nessos shoots an arrow.
The arrow barely misses you.
You climb upwards.
Level annotation: Psyche
There is a stone staircase leading down, spattered with blood here.
You can't go up here!
You climb downwards.
Level annotation: Nessos Nessos gestures wildly while chanting.
Nessos seems to speed up.
Nessos shoots an arrow.
The arrow closely misses you.
There is a stone staircase leading up, spattered with blood here.
Things that are here:
a +0 shortbow; a +0 long sword Nessos casts a spell.
Nessos blinks!
You see here a +1 battleaxe of venom.
Nessos shoots an arrow.
The arrow hits you!! The arrow burns you.
You are poisoned.
There is a stone staircase leading up, spattered with blood here.
Things that are here:
a +0 shortbow; a +0 long sword You feel very sick.
Nessos shoots an arrow.
The arrow hits you!!
You are more poisoned.
Nessos shoots an arrow.
The arrow completely misses you.
You feel extremely sick.
Nessos mumbles some strange words.
Nessos blinks!
There is a stone staircase leading up, spattered with blood here.
Things that are here:
a +0 shortbow; a +0 long sword You feel extremely sick.
Nessos shoots an arrow.
The arrow hits you!!
* * * LOW HITPOINT WARNING * * *
The arrow burns you.
* * * LOW HITPOINT WARNING * * *
You climb upwards.
Level annotation: Psyche You die...
Your body crumbles into a pile of gold.

.....# #.......['...'......#
.....# #........#####......#
###'## ######'### #......# ##..#
##.# #......# #..## ##..#
###.#### #.## #..## ###...####
#.# ###)##### #........#
#)##########.......### #........'
........##.'...)@..'.# #<.......#
........##.#.......#.###.^......#
........##.#.......#..##........#
........##.#.......##.##........#
........#..#.).....##.##........#
..........##.......##..'........#
........################........#
........# #........# #########
##########


There were no monsters in sight!

Vanquished Creatures
  A vault guard (D:13)
  Harold (D:9)
  3 boulder beetles (D:12)
  3 centaur warriors (D:13)
  2 two-headed ogres (D:11)
  Erica (D:9)
  A dancing weapon (D:13)
  2 tengu warriors (D:12)
  13 skeletal warriors
  A lindwurm (shapeshifter) (D:15)
  3 deep elf pyromancers
  A manticore (D:13)
  A wolf spider (D:15)
  An ugly thing (D:12)
  A moth of wrath (shapeshifter) (D:13)
  A cyclops (D:13)
  7 centaur zombies (D:11)
  A gargoyle (D:12)
  Jeremiah (D:9)
  An unseen horror (D:10)
  A kobold demonologist (D:9)
  2 komodo dragons
  A tengu conjurer (D:13)
  A troll (D:12)
  Prince Ribbit (D:9)
  A hornet (D:11)
  Grinder (D:3)
  4 slime creatures
  6 shadows (D:11)
  3 vampires (D:11)
  19 yaks
  A wyvern (D:9)
  A golden eye (D:11)
  6 wraiths
  6 vampire mosquitoes
  2 steam dragons (D:5)
  2 water moccasins
  Duvessa (D:5)
  2 sky beasts (D:7)
  3 orc warriors
  2 ice beasts
  2 ogres (D:5)
  2 centaurs
  10 kobold brigands
  2 bullfrogs (D:7)
  2 gnoll sergeants (D:11)
  9 scorpions
  16 wights
  Dowan (D:5)
  21 killer bees
  2 howler monkeys (D:5)
  4 jellies (D:6)
  4 orc priests
  4 hounds
  A sleepcap (D:8)
  3 gnoll boudas
  10 iguanas
  Natasha (twice) (D:3)
  2 orc wizards
  Robin (D:2)
  A howler monkey zombie (D:11)
  21 gnolls
  9 adders
  A shadow imp (D:6)
  A white imp (D:5)
  2 worms
  2 dart slugs
  17 orcs
  14 bats
  9 endoplasms
  A giant cockroach (D:3)
  14 goblins
  9 hobgoblins
  5 jackals
  37 kobolds
  4 quokkas
  6 ball pythons
  4 frilled lizards
  2 rats (D:1)
369 creatures vanquished.

Vanquished Creatures (others)
  A centaur simulacrum (D:11)
  2 yaks
3 creatures vanquished.

Grand Total: 372 creatures vanquished

Notes
Turn   | Place    | Note
-------+----------+-------------------------------------------
     0 | D:1      | Chiseanne the Octopode Wanderer began the quest for the
                  | Orb.
     0 | D:1      | Chiseanne set off with the following items: a +2 sling, a
                  | +0 falchion, a +0 hat, a potion of lignification.
     0 | D:1      | Reached XP level 1. HP: 14/14 MP: 1/1
    33 | D:1      | Noticed a shining eye
    37 | D:1      | Found a faded altar of an unknown god.
    39 | D:1      | Noticed a golden eye
    39 | D:1      | Noticed a shining eye
    39 | D:1      | Noticed an eye of devastation
   366 | D:1      | Reached XP level 2. HP: 20/20 MP: 2/2
   722 | D:2      | Noticed Robin
   802 | D:1      | Reached XP level 3. HP: 21/25 MP: 3/3
   834 | D:2      | Killed Robin
   928 | D:2      | Found an opulent altar of Gozag.
   936 | D:2      | Became a worshipper of Gozag Ym Sagoz the Greedy
   946 | D:2      | Reached XP level 4. HP: 21/31 MP: 4/4
  1793 | D:3      | Noticed Natasha
  1802 | D:3      | Reached XP level 5. HP: 16/37 MP: 5/5
  1803 | D:3      | Killed Natasha
  2005 | D:3      | Noticed Natasha
  2009 | D:3      | Noticed Grinder
  2010 | D:3      | Killed Natasha
  2019 | D:3      | Paralysed by Grinder for 4 turns
  2030 | D:3      | Paralysed by Grinder for 4 turns
  2037 | D:3      | Killed Grinder
  2038 | D:3      | Reached skill level 5 in Fighting
  2038 | D:3      | Reached skill level 5 in Dodging
  2038 | D:3      | Reached XP level 6. HP: 28/45 MP: 6/6
  2345 | D:4      | Found Gipsios's Distillery.
  2370 | D:4      | Bought a potion of curing for 42 gold pieces
  2370 | D:4      | Bought a potion of curing for 42 gold pieces
  2370 | D:4      | Bought a potion of heal wounds for 70 gold pieces
  2370 | D:4      | Bought a potion of invisibility for 112 gold pieces
  2847 | D:4      | Reached XP level 7. HP: 46/50 MP: 7/7
  3157 | D:5      | Entered Level 5 of the Dungeon
  3298 | D:4      | Bought 2 potions of might for 112 gold pieces
  3298 | D:4      | Bought a potion of attraction for 42 gold pieces
  3304 | D:5      | Found a large runed translucent door.
  3304 | D:5      | Found a large runed translucent door.
  3323 | D:5      | Found a glowing silver altar of Zin.
  3323 | D:5      | Found an opulent altar of Gozag.
  3475 | D:5      | Found the +7 mace of Variability {chaos, chaos arc}
  3745 | D:5      | Found a large runed translucent door.
  3745 | D:5      | Found a large runed translucent door.
  3775 | D:5      | Noticed a steam dragon
  3789 | D:5      | Killed a steam dragon
  3790 | D:5      | Reached XP level 8. HP: 27/58 MP: 8/8
  4552 | D:5      | Noticed Dowan
  4597 | D:5      | Identified the +4 dagger of Kismet {speed, rN+ Int-2 Dex+3}
  4970 | D:5      | Noticed Duvessa
  4977 | D:5      | Killed Dowan
  4978 | D:5      | Reached XP level 9. HP: 47/66 MP: 9/9
  4978 | D:5      | Killed Duvessa
  5368 | D:5      | Identified a scroll of acquirement
  5368 | D:5      | Acquired the +1 hat of the Parsimonious God {Regen+ rCorr
                  | Int+5}
  6190 | D:6      | Found a stormy altar of Qazlal.
  6504 | D:6      | Reached skill level 1 in Stealth
  6509 | D:6      | Reached skill level 2 in Stealth
  6553 | D:6      | Found a bloodstained altar of Trog.
  6553 | D:6      | Found a snail-covered altar of Cheibriados.
  6553 | D:6      | Found a white marble altar of Elyvilon.
  6553 | D:6      | Found a sparkling altar of Nemelex Xobeh.
  6553 | D:6      | Found an iron altar of Okawaru.
  6553 | D:6      | Found a sparkling altar of Nemelex Xobeh.
  6570 | D:6      | Reached skill level 3 in Stealth
  6758 | D:6      | Reached skill level 4 in Stealth
  6906 | D:7      | Reached XP level 10. HP: 74/74 MP: 10/10
  6923 | D:7      | Reached skill level 5 in Stealth
  7223 | D:7      | Reached skill level 10 in Fighting
  7223 | D:7      | Reached skill level 6 in Stealth
  7234 | D:7      | Reached skill level 10 in Dodging
  7545 | D:7      | Found a staircase to the Ecumenical Temple.
  7626 | Bailey   | Identified the "Feolida"
  7637 | D:8      | Found a shadowy altar of Dithmenos.
  7851 | D:8      | Found an ornate altar of the Wu Jian Council.
  7851 | D:8      | Found a bloodstained altar of Trog.
  7927 | D:8      | Reached skill level 7 in Stealth
  8014 | D:8      | Found a flagged portal.
  8036 | Bailey   | Entered a bailey
  8074 | Bailey   | Noticed an orc knight
  8585 | D:8      | Found a burning altar of Makhleb.
  8701 | D:9      | Reached skill level 8 in Stealth
  8908 | D:9      | Noticed a deep elf pyromancer
  8923 | D:9      | Reached XP level 11. HP: 83/83 MP: 11/11
  8933 | D:9      | Reached skill level 9 in Stealth
  8987 | D:9      | Killed a deep elf pyromancer
  9182 | D:9      | Noticed Prince Ribbit
  9196 | D:9      | Killed Prince Ribbit
  9198 | D:9      | Identified the +2 robe of Hubris {+Inv Archmagi}
  9239 | D:9      | Reached skill level 10 in Stealth
  9296 | D:9      | Noticed Harold
  9300 | D:9      | Noticed Jeremiah
  9310 | D:9      | Killed Harold
  9361 | D:9      | Killed Jeremiah
  9482 | D:9      | Noticed Erica
  9498 | D:9      | Killed Erica
  9586 | D:9      | Found a staircase to the Orcish Mines.
  9802 | D:10     | Entered Level 10 of the Dungeon
  9856 | D:10     | Found Pohiwnitz's Antique Armour Emporium.
 10169 | D:10     | Reached skill level 11 in Stealth
 10645 | D:10     | Found a sacrificial altar of Ru.
 10940 | D:11     | Noticed a cyclops
 10985 | D:11     | Found a staircase to the Lair.
 11058 | D:11     | Found a transporter.
 11059 | D:11     | Noticed a cyclops
 11061 | D:11     | Noticed a shock serpent
 11075 | D:11     | Found a transporter.
 11088 | D:11     | Noticed an entropy weaver
 11209 | D:11     | Reached XP level 12. HP: 55/91 MP: 12/12
 11230 | D:11     | Reached skill level 12 in Stealth
 11232 | D:11     | Noticed a two-headed ogre
 11547 | D:11     | Chiseanne: this sucks so bad you stupid fuckers
 11563 | D:11     | Noticed an entropy weaver
 11711 | D:11     | Noticed a skyshark
 11927 | D:11     | Noticed a two-headed ogre
 11941 | D:11     | Killed a two-headed ogre
 12192 | D:11     | Reached skill level 13 in Stealth
 12414 | D:12     | Noticed a tengu warrior
 12491 | D:12     | You fall into a shaft and drop 3 floors!
 12491 | D:15     | Identified the "Ife Elan"
 12491 | D:15     | Entered Level 15 of the Dungeon
 12492 | D:15     | Chiseanne: right...idiots
 12557 | D:15     | Noticed an eight-headed hydra
 12617 | D:14     | Found a radiant altar of Vehumet.
 12722 | D:12     | Noticed Psyche
 12750 | D:11     | Noticed a stone giant
 12833 | D:11     | Noticed a sphinx
 13280 | D:7      | Bought a +4 ring of protection for 576 gold pieces
 13427 | D:10     | Reached skill level 14 in Stealth
 13467 | D:11     | Killed a two-headed ogre
 13574 | D:11     | Noticed an entropy weaver
 13715 | D:12     | Reached XP level 13. HP: 60/99 MP: 13/13
 14025 | D:13     | Noticed a vault guard
 14051 | D:13     | Killed a vault guard
 14139 | D:13     | Reached skill level 15 in Stealth
 14432 | D:13     | Found a gate to the Vaults.
 14763 | D:13     | Noticed Nessos
 15213 | D:13     | Reached skill level 16 in Stealth
 15910 | D:13     | HP: 3/102 [Nessos/arrow (5)]
 15911 | D:12     | Succumbed to Nessos's poison

Illustrated notes

Levels and vault maps discovered:
D:1:      minmay_arrival_wavy_path, layout_loops_ring,
          hellmonk_ecumenical_altar_watching_god
D:2:      layout_basic, basic_altar, uniq_robin
D:3:      layout_basic, roderic_batcave, uniq_grinder, uniq_natasha
D:4:      minmay_chambers_of_fours, layout_basic, nicolae_stop_n_shop_1
D:5:      kennysheep_steamy, layout_loops_ring,
          grunt_temple_overflow_gold_and_silver, minmay_hollow_rounded_squares,
          uniq_duvessa
D:6:      cheibrodos_fertilizer, layout_gridville,
          nicolae_overflow_crystal_walls
D:7:      layout_loops_cross, minmay_temple_entry_ruins, serial_bayou_lagoon_a,
          kennysheep_generic_room_16
D:8:      layout_basic, mainiacjoe_overflow_concentric_impassable,
          mainiacjoe_overflow_alcove_4, gammafunk_temple_overflow_elements,
          enter_bailey_2
D:9:      layout_basic, orc_0_dummy, st_stairs_10, uniq_harold, uniq_erica,
          uniq_jeremiah, uniq_prince_ribbit1
D:10:     layout_small_grid, nicolae_ru_great_annihilating_truth, serial_shops,
          nicolae_shop_trees
D:11:     gammafunk_the_bubble [the_bubble_gammafunk_crates], layout_rooms,
          david_lair_shrubbed, serial_undead, serial_undead_b, serial_undead_e,
          serial_undead_b, serial_undead_c, serial_undead_e, serial_undead_f
D:12:     layout_roguey, uniq_psyche
D:13:     regret_index_bee_streams, layout_cross, erik_vaults_1, uniq_nessos
D:14:     layout_cave_pools, nicolae_vehumet_radiance
D:15:     grunt_enter_depths_hoard, layout_stronghold, minmay_misc_feat_five,
          minmay_lindwurm_lava

Skill      XL: |  1  2  3  4  5  6  7  8  9 10 11 12 13 |
---------------+----------------------------------------+-----
Fighting       | 3 5 6 8 9 11 12 13 14 | 14.6
Dodging        | 3 5 6 8 9 10 12 13 14 | 14.5
Stealth        | 4 8 11 14 16 | 16.2
Long Blades    | |  2.0
Ranged Weapons | |  3.0
Invocations    | |  1.0

Action                     |  1- 3 |  4- 6 |  7- 9 | 10-12 | 13-15 || total
---------------------------+-------+-------+-------+-------+-------++-------
  Melee: Falchion          |    44 |    68 |       |       |       ||   112
         Constrict         |    14 |    25 |    55 |    82 |    28 ||   204
         Tentacles         |    10 |    20 |    69 |   207 |    86 ||   392
         Punch             |     1 |       |     7 |    12 |     5 ||    25
         Rapier            |       |    42 |    74 |       |       ||   116
         Dagger            |       |       |   186 |   212 |    23 ||   421
         Whip              |       |       |       |   219 |       ||   219
         Scimitar          |       |       |       |   192 |   213 ||   405
         Hand axe          |       |       |       |    37 |       ||    37
   Fire: Sling             |     1 |       |       |       |       ||     1
  Throw: Javelin           |       |    10 |    18 |    37 |       ||    65
         Dart              |       |       |    16 |    60 |    46 ||   122
         Boomerang         |       |       |       |     4 |       ||     4
         Throwing net      |       |       |       |     1 |       ||     1
 Invoke: Call Merchant     |       |       |       |     2 |       ||     2
  Evoke: Wand              |       |       |     1 |    26 |     1 ||    28
         Tin of tremorston |       |       |       |     4 |       ||     4
    Use: Scroll            |     3 |     5 |    10 |     7 |     2 ||    27
         Potion            |       |     2 |     7 |     9 |     2 ||    20
   Stab: Sleeping          |     5 |     8 |     2 |     8 |     3 ||    26
         Invisible         |       |       |     2 |       |       ||     2
         Distracted        |       |       |     1 |     3 |     1 ||     5
         Held in net/web   |       |       |       |     2 |       ||     2
         Paralysed         |       |       |       |     1 |       ||     1
 Armour: Skin              |    24 |    56 |   109 |   242 |   156 ||   587
  Dodge: Dodged            |    56 |    60 |   170 |   671 |   358 ||  1315

Table legend: (Time is in decaauts)
 A = Elapsed time spent in this place.
 B = Non-inter-level travel time spent in this place.
 C = Inter-level travel time spent in this place.
 D = Time resting spent in this place.
 E = Time spent auto-exploring this place.
 F = Levels seen in this place.
 G = Mean time per level.
                   A        B        C        D        E       F      G
               +--------+--------+--------+--------+--------+-----+--------+
         Total |  16056 |  15327 |    729 |   3171 |   6425 |  16 | 1003.5 |
       Dungeon |  15999 |  15270 |    729 |   3171 |   6403 |  15 | 1066.6 |
        Bailey |     56 |     56 |      0 |      0 |     22 |   1 |   56.0 |
               +--------+--------+--------+--------+--------+-----+--------+

Top non-repeatable levels by time:
     D:5: 2085 daAuts
    D:12: 1786 daAuts
    D:11: 1676 daAuts
    D:10: 1283 daAuts
     D:6: 1270 daAuts
     D:9: 1188 daAuts
     D:4: 1137 daAuts
     D:8: 1127 daAuts
    D:13: 1112 daAuts
     D:3: 860 daAuts
     D:1: 792 daAuts
     D:7: 786 daAuts
     D:2: 722 daAuts
    D:15: 121 daAuts
  Bailey: 56 daAuts
